 Dungeon Crawl Stone Soup version 0.27.0-1-g7a089689b8 (webtiles) character file.

Game seed: 7717244511375202905

247 x13thangelx the Poker (level 5, -1/40 HPs)
             Began as a Demonspawn Gladiator on Aug 1, 2021.
             Was an Initiate of Ashenzari.
             Succumbed to a water moccasin's poison
             ... on level 4 of the Dungeon.
             The game lasted 00:10:38 (3177 turns).

x13thangelx the Poker (Demonspawn Gladiator)        Turns: 3177, Time: 00:10:39

Health: -1/40      AC: 11    Str: 15    XL:     5   Next: 85%
Magic:  5/5        EV: 11    Int:  9    God:    Ashenzari [......]
Gold:   114        SH:  3    Dex: 15    Spells: 4/4 levels left

rFire    . . .     SeeInvis .   a - +0 trident of the Eternal Yoke {Elem, Melee} (curse)
rCold    . . .     Faith    .   q - +0 buckler
rNeg     . . .     Spirit   .   j - +4 ring mail
rPois    .         Reflect  .   (helmet restricted)
rElec    .         Harm     .   (no cloak)
rCorr    .         Rampage  .   f - +0 pair of gloves
Will     .....                  (no boots)
Stlth    +.........             (no amulet)
HPRegen  0.13/turn              (no ring)
MPRegen  0.09/turn              (no ring)

@: lethally poisoned (-1 -> -5), on berserk cooldown, slowed, very slow
A: horns 1, sharp scales 1
a: Renounce Religion, Shatter the Chains


You were on level 4 of the Dungeon.
You worshipped Ashenzari.
Ashenzari was noncommittal.
You visited 1 branch of the dungeon, and saw 4 of its levels.

You collected 114 gold pieces.

Inventory:

Hand Weapons
 a - the cursed +0 trident of the Eternal Yoke (weapon) {Elem, Melee}

   It has a curse which improves the following skills: Elements: Fire Magic, Ice
   Magic, Air Magic and Earth Magic.
   Melee Combat: Short Blades, Long Blades, Axes, Maces & Flails, Polearms,
   Staves and Unarmed Combat.
Missiles
 d - 2 throwing nets (quivered)
 g - 17 poisoned darts
 i - 158 stones
 n - 27 arrows
Armour
 c - a +0 helmet
 f - a +0 pair of gloves (worn)
 j - a +4 ring mail (worn)
 q - a +0 buckler (worn)
Jewellery
 r - a ring of flight
Scrolls
 e - a scroll of noise
 h - a scroll of fear
 l - a scroll of amnesia
 o - a scroll of silence
 p - a scroll of enchant armour
 s - a scroll of fog
Potions
 b - a potion of flight
 k - a potion of brilliance
 m - a potion of berserk rage


   Skills:
 + Level 2.9 Fighting
 + Level 4.3(4.8) Polearms
 + Level 1.7 Throwing
 + Level 2.0 Armour
 + Level 3.7 Dodging
 + Level 0.3 Stealth
 + Level 0.1 Shields


You had 4 spell levels left.
You didn't know any spells.
Your spell library was empty.

Dungeon Overview and Level Annotations

Branches:
Dungeon (4/15)
 Temple: D:4-7

Altars:
Ashenzari
Kikubaaqudgha


Innate Abilities, Weirdness & Mutations

You have a pair of small horns on your head.
You are partially covered in razor-sharp scales. (AC +1, Slay +1)


Message History

The water moccasin is heavily wounded.
You feel sick. The water moccasin bites you.
* * * LOW HITPOINT WARNING * * *
You are lethally poisoned!
The water moccasin poisons you! The water moccasin bites you.
* * * LOW HITPOINT WARNING * * *
A red film seems to cover your vision as you go berserk!
You feel yourself moving faster!
You feel mighty!
* * * LOW HITPOINT WARNING * * *
You feel very sick. You block the water moccasin's attack.
You puncture the water moccasin!
Your headbutt misses the water moccasin.
The water moccasin is almost dead.
* * * LOW HITPOINT WARNING * * *
You feel sick. The water moccasin bites you.
* * * LOW HITPOINT WARNING * * *
You puncture the water moccasin!
You kill the water moccasin!
* * * LOW HITPOINT WARNING * * *
You feel sick.
Your Polearms skill increases to level 4!
Your Armour skill increases to level 2!
* * * LOW HITPOINT WARNING * * *
You feel sick.
Items here: ( ))))) [[[ ††.
You feel a strong urge to attack something. 3 goblins come into view.
* * * LOW HITPOINT WARNING * * *
You feel sick.
The goblin shouts! x3; You hear a shout!
* * * LOW HITPOINT WARNING * * *
You feel sick.
Items here: ( ))))) [[[ ††.
You feel your anger nearly subside.
You are no longer berserk.
You are exhausted.
You feel yourself slow down.
* * * LOW HITPOINT WARNING * * *
You feel sick.
You die...

. ##...
##########.....#
#....@.)..#
#.#######g#
#.#.#.# .#
#.#...# .#
#.#.#.# .g
#.#.#.# .#
#.#.#.# g#
#.#<#.# .#
#.###.#


You could see a goblin.

Vanquished Creatures
  A water moccasin (D:4)
  An orc priest (D:4)
  4 adders
  A dart slug (D:2)
  9 orcs
  6 bats
  6 endoplasms
  2 giant cockroaches
  5 goblins
  8 hobgoblins
  4 jackals (D:1)
  4 quokkas
  6 ball pythons
  5 kobolds
  3 rats
  A spectral hobgoblin (D:1)
66 creatures vanquished.

Notes
Turn   | Place    | Note
-------+----------+-------------------------------------------
     0 | D:1      | x13thangelx the Demonspawn Gladiator began the quest for
                  | the Orb.
     0 | D:1      | Reached XP level 1. HP: 16/16 MP: 1/1
   431 | D:1      | Gained mutation: You are partially covered in razor-sharp
                  | scales. (AC +1, Slay +1) [demonic ancestry]
   431 | D:1      | Reached XP level 2. HP: 6/22 MP: 2/2
   817 | D:1      | Reached skill level 3 in Polearms
   938 | D:1      | HP: 1/21 [goblin (4)]
   941 | D:1      | Gained mutation: You have a pair of small horns on your
                  | head. [demonic ancestry]
   941 | D:1      | Reached XP level 3. HP: 2/26 MP: 3/3
  1313 | D:1      | Found a faded altar of an unknown god.
  1325 | D:1      | Became a worshipper of Ashenzari the Shackled
  2052 | D:2      | Found an ancient bone altar of Kikubaaqudgha.
  2361 | D:3      | Reached XP level 4. HP: 33/34 MP: 4/4
  2564 | D:3      | Reached skill level 1 in Armour
  3146 | D:4      | Noticed a water moccasin
  3158 | D:4      | Reached XP level 5. HP: 35/39 MP: 5/5
  3172 | D:4      | Killed a water moccasin
  3173 | D:4      | Reached skill level 4 in Polearms
  3175 | D:4      | HP: 3/60 [poisoned by a water moccasin]
  3176 | D:4      | HP: 1/40 [poisoned by a water moccasin]
  3177 | D:4      | Succumbed to a water moccasin's poison

Illustrated notes

Levels and vault maps discovered:
D:1:      dpeg_arrival_circle_labyrinth_c, layout_rooms,
          dreamdust_ecumenical_altar_drowned_temple
D:2:      layout_loops_ring, basic_altar, minmay_distorted
D:3:      layout_loops_ring, minivault_14, nrook_mini_vaults,
          minmay_fractal_squares_gapless_5
D:4:      layout_basic, nicolae_overflow_hidden_temple,
          corexii_item_surrounded_by_moat, uniq_sigmund, uniq_robin

Skill      XL: |  1  2  3  4  5 |
---------------+----------------+-----
Dodging        | 3 |  3.7
Polearms       | 3 4 |  4.3
Armour         | 1 2 |  2.0
Fighting       | |  2.9
Throwing       | |  1.7
Stealth        | |  0.3
Shields        | |  0.1

Action                   |  1- 3 |  4- 6 || total
-------------------------+-------+-------++-------
Melee: Trident           |   115 |    65 ||   180
       Headbutt          |     4 |    12 ||    16
Throw: Throwing net      |     1 |       ||     1
Invok: Curse Item        |       |     1 ||     1
  Use: Scroll            |     2 |     1 ||     3
       Potion            |       |     1 ||     1
Armor: Leather armour    |    56 |       ||    56
       Ring mail         |    17 |    34 ||    51
Dodge: Dodged            |   110 |    38 ||   148
Block: Buckler           |       |     5 ||     5
